 Dungeon Crawl Stone Soup version 0.30-a0-691-g754fce4c43 (webtiles) character file.

Game seed: 17143724956554576826

60 ragingrage the Slasher (level 4, -8/31 HPs)
             Began as an Octopode Fighter on Jan 19, 2023.
             Was a Follower of Wu Jian.
             Mangled by Natasha (9 damage)
             ... on level 2 of the Dungeon.
             The game lasted 00:00:52 (777 turns).

ragingrage the Slasher (Octopode Fighter)            Turns: 777, Time: 00:00:52

Health: -8/31      AC:  1    Str: 15    XL:     4   Next: 6%
Magic:  4/4        EV: 13    Int: 10    God:    Wu Jian [*.....]
Gold:   39         SH:  4    Dex: 13    Spells: 3/3 levels left

rFire   . . .      SeeInvis .    a - +0 long sword
rCold   . . .      Faith    .    b - +0 buckler
rNeg    . . .      Spirit   .    (helmet restricted)
rPois   .          Reflect  .    (no amulet)
rElec   .          Harm     .    (no ring)
rCorr   .          Rampage  .    (no ring)
Will    .....                    (no ring)
Stlth   ++                       (no ring)
HPRegen 0.25/turn                (no ring)
MPRegen 0.09/turn                (no ring)
                                 (no ring)
                                 (no ring)

@: no status effects
A: almost no armour, amphibious, 8 rings, camouflage 1, gelatinous body 1,
(nimble swimmer 1), tentacles
a: Renounce Religion


You were on level 2 of the Dungeon.
You worshipped Wu Jian.
Wu Jian was aware of your devotion.
You visited 1 branch of the dungeon, and saw 2 of its levels.

You collected 39 gold pieces.

Inventory:

Hand Weapons
 a - a +0 long sword (weapon)
 f - a +0 short sword
Armour
 b - a +0 buckler (worn)
Scrolls
 d - a scroll of blinking {unknown}
 i - a scroll of immolation {unknown}
 k - 2 scrolls of identify {unknown}
 l - a scroll of vulnerability {unknown}
Potions
 c - 2 potions of might
 e - a potion of attraction {unknown}
 g - a potion of curing {unknown}
 h - a potion of resistance {unknown}
 j - a potion of magic {unknown}
 m - a potion of lignification {unknown}


   Skills:
 - Level 3.0 Fighting
 + Level 4.2 Long Blades
 - Level 3.0 Dodging
 - Level 3.0 Shields


You had 3 spell levels left.
You didn't know any spells.
Your spell library contained the following spells:

 Spells                   Type           Power      Damage    Failure   Level
 Lesser Beckoning         Tloc           0%         N/A       58%         2
 Gell's Gravitas          Tloc           0%         N/A       83%         3
 Teleport Other           Tloc           0%         N/A       83%         3


Dungeon Overview and Level Annotations

Branches:
Dungeon (2/15)

Altars:
Gozag
Wu Jian

Annotations:
D:2 Natasha


Innate Abilities, Weirdness & Mutations

You cannot wear most types of armour.
You are amphibious.
You can wear up to eight rings at the same time.
Your skin changes colour to match your surroundings (Stealth+).
Your rubbery body absorbs attacks. (AC +1, EV +1)
((You are camouflaged when in or above water. (Stealth+)))
You have tentacles for arms and can constrict up to eight enemies at once.


Message History

The dart slug launches a dart at you. The slug dart hits you.
A dart slug is nearby!
A dart slug is nearby!
The dart slug bites you.
You slash the dart slug!
You kill the dart slug!
The Council accepts your kill.
No target in view!
No target in view!
No target in view!
No target in view!
No target in view!
Found a robe.
You see here a dart slug corpse.
You see here a +0 robe.
Found 8 stones.
No target in view!
Natasha, Servant of Life and Death comes into view.
Natasha hisses angrily.
Natasha mumbles some strange words.
Natasha shimmers violently.
Natasha stares at you and mumbles some strange words.
You resist with some effort.
Natasha drinks a potion.
Natasha flickers and vanishes!
Deactivating autopickup; reactivate with Ctrl-A.
Something claws you!
You hit something.
You hear some strange, mumbled words.
You closely miss something. Your squeeze misses something. Something claws you.
The white imp closely misses you.
You miss something.
You hear some strange, mumbled words.
A magic dart appears from out of thin air!
The magic dart hits you! The white imp hits you. The white imp freezes you.
* * * LOW HITPOINT WARNING * * *
You miss something. Something claws you.
* * * LOW HITPOINT WARNING * * *
The white imp misses you. Something claws you!
You die...

######### ......{5#
############ #@#
...........# #.#
##########.#####.###
...#....##.........#
##.#.##.#........#(#
##.#..#......#####.#
##.#.(.......## #
##.#..#..._..<#
##.#..#.......####


You could see a white imp (summoned).

Vanquished Creatures
  Terence (D:2)
  An adder (D:2)
  A worm (D:2)
  2 dart slugs
  4 bats
  4 endoplasms
  A giant cockroach (D:1)
  A goblin (D:1)
  A hobgoblin (D:2)
  A kobold (D:1)
  A quokka (D:2)
  2 frilled lizards
  A rat (D:1)
21 creatures vanquished.

Notes
Turn   | Place    | Note
-------+----------+-------------------------------------------
     0 | D:1      | ragingrage the Octopode Fighter began the quest for the
                  | Orb.
     0 | D:1      | Reached XP level 1. HP: 16/16 MP: 1/1
   140 | D:1      | Reached XP level 2. HP: 21/21 MP: 2/2
   181 | D:1      | Reached skill level 3 in Long Blades
   229 | D:1      | Found a faded altar of an unknown god.
   468 | D:1      | Prayed at the altar of an unknown god.
   468 | D:1      | Became a worshipper of the Wu Jian Council
   468 | D:1      | Reached * piety under Wu Jian
   495 | D:2      | Found an opulent altar of Gozag.
   511 | D:2      | Reached XP level 3. HP: 22/26 MP: 3/3
   595 | D:2      | Noticed Terence
   606 | D:2      | Killed Terence
   607 | D:2      | Reached skill level 4 in Long Blades
   702 | D:2      | Reached XP level 4. HP: 31/31 MP: 4/4
   770 | D:2      | Noticed Natasha
   777 | D:2      | HP: 1/31 [something (5)]
   777 | D:2      | Mangled by Natasha

Illustrated notes

Levels and vault maps discovered:
D:1:      dpeg_arrival_prison, layout_rooms,
          shapermc_ecumenical_altar_totnotflames
D:2:      layout_basic, serial_glass, glass_columns_a, glass_columns_b,
          basic_altar, minmay_diced_spiral, uniq_terence, uniq_natasha

Skill      XL: |  1  2  3 |
---------------+----------+-----
Long Blades    | 3 4 |  4.2
Fighting       | |  3.0
Dodging        | |  3.0
Shields        | |  3.0

Action                   |  1- 3 |  4- 6 || total
-------------------------+-------+-------++-------
Melee: Long sword        |    41 |     5 ||    46
       Tentacles         |     8 |       ||     8
       Constrict         |     7 |       ||     7
Invok: Lunge             |     1 |       ||     1
  Use: Potion            |     1 |       ||     1
 Stab: Sleeping          |     2 |       ||     2
Armor: Skin              |     3 |       ||     3
Dodge: Dodged            |    23 |     2 ||    25
Block: Buckler           |    10 |       ||    10

Table legend: (Time is in decaauts)
 A = Elapsed time spent in this place.
 B = Non-inter-level travel time spent in this place.
 C = Inter-level travel time spent in this place.
 D = Time resting spent in this place.
 E = Time spent auto-exploring this place.
 F = Levels seen in this place.
 G = Mean time per level.
                   A        B        C        D        E       F      G
               +--------+--------+--------+--------+--------+-----+--------+
         Total |    789 |    745 |     44 |     73 |    516 |   2 |  394.5 |
       Dungeon |    789 |    745 |     44 |     73 |    516 |   2 |  394.5 |
               +--------+--------+--------+--------+--------+-----+--------+

Top non-repeatable levels by time:
     D:1: 502 daAuts
     D:2: 287 daAuts
